 Dungeon Crawl Stone Soup version 0.23-a0-702-gd214142 (webtiles) character file.

8058 zishaf the Fighter (level 11, -5/60 HPs)
             Began as a Vine Stalker Assassin on Jan 13, 2019.
             Was a Believer of Uskayaw.
             Slain by an ice devil (14 damage)
             ... in a Gauntlet.
             The game lasted 00:29:04 (9901 turns).

zishaf the Fighter (Vine Stalker Assassin)          Turns: 9901, Time: 00:29:04

Health: -5/60      AC: 17    Str: 18    XL:     11   Next: 24%
Magic:  0/17       EV:  6    Int: 11    God:    Uskayaw [**....]
Gold:   806        SH:  5    Dex: 17    Spells: 10/10 levels left

rFire    . . .     SeeInvis .   a - +3 dagger (pierce)
rCold    . . .     Gourm    .   i - +0 buckler
rNeg     + . .     Faith    .   F - +0 plate armour of Vanity {Str+2}
rPois    .         Spirit   +   E - +0 helmet
rElec    .         Reflect  .   d - +0 cloak
rCorr    .         Harm     .   B - +0 pair of gloves (curse)
MR       +....     NoTele   +   p - +0 pair of boots
Stlth    ..........             R - amulet of regeneration
HPRegen  1.00/turn              h - ring of attention (curse)
MPRegen  0.15/turn              O - ring of positive energy

@: no status effects
A: fangs 3, regeneration 1, magic shield, antimagic bite, no potion heal 3, rot
immunity
a: Stomp, Line Pass, Renounce Religion


You were in a Gauntlet.
You worshipped Uskayaw.
Uskayaw was noncommittal.
You were very hungry.

You visited 2 branches of the dungeon, and saw 11 of its levels.
You also visited: Bailey and Gauntlet.

You collected 806 gold pieces.

Inventory:

Hand Weapons
 a - a +3 dagger of piercing (weapon)
 b - a +0 hunting sling
 w - a +0 blowgun
 J - the +12 falchion "Feunoth" {vamp, rElec MR- Str+3, unknown}
   (You found it on level 7 of the Dungeon)

   It inflicts no extra harm, but heals its wielder when it wounds a living foe.
   It affects your strength (+3).
   It insulates you from electricity.
   It affects your resistance to hostile enchantments.
Missiles
 e - 8 poisoned needles
 f - 2 curare-tipped needles
 k - 5 javelins (quivered)
 n - 169 stones
 y - 56 sling bullets
Armour
 d - a +0 cloak (worn)
 i - a +0 buckler (worn)
 p - a +0 pair of boots (worn)
 B - a cursed +0 pair of gloves (worn)
 E - a +0 helmet (worn)
 F - the +0 plate armour of Vanity (worn) {Str+2}
   (You found it on level 5 of the Dungeon)

   It affects your strength (+2).
Jewellery
 h - a cursed ring of attention (left hand)
 O - a ring of positive energy (right hand)
 R - an amulet of regeneration (around neck)
Wands
 m - a wand of flame (17)
 s - a wand of digging (6)
 u - a wand of iceblast (5)
 x - a wand of acid (7)
 C - a wand of random effects (25)
 H - a wand of enslavement (6)
 K - a wand of disintegration (8)
Scrolls
 c - 6 scrolls of teleportation
 t - 6 scrolls of enchant weapon
 v - 2 scrolls of blinking
 D - a scroll of fear
 L - 2 scrolls of remove curse
 N - a scroll of vulnerability
Potions
 l - a potion of invisibility
 r - 3 potions of haste
 z - 2 potions of flight
 A - 2 potions of mutation
 G - a potion of magic
Miscellaneous
 j - a fan of gales
Comestibles
 g - 28 rations


   Skills:
 + Level 8.5 Fighting
 + Level 8.4 Short Blades
 - Level 1.7 Throwing
 + Level 5.8 Armour
 - Level 2.0 Dodging
 - Level 5.0 Stealth
 - Level 4.2 Shields
 + Level 7.0 Invocations


You had 10 spell levels left.
You didn't know any spells.
Your spell library contained the following spells:

 Spells                   Type           Power        Failure   Level  Hunger
 Beastly Appendage        Tmut           #.....       100%        1    ##.....
 Flame Tongue             Conj/Fire      #....        100%        1    ##.....
 Magic Dart               Conj           #...         100%        1    ##.....
 Sandblast                Erth           #.....       100%        1    ##.....
 Passwall                 Tmut/Erth      #.......     100%        2    ###....
 Poisonous Vapours        Pois/Air       #.....       100%        2    ###....
 Searing Ray              Conj           #.....       100%        2    ###....
 Conjure Flame            Conj/Fire      #.......     100%        3    ####...
 Dazzling Spray           Conj/Hex       #.....       100%        3    ####...
 Mephitic Cloud           Conj/Pois/Air  #.......     100%        3    ####...
 Spider Form              Tmut/Pois      #.........   100%        3    ####...
 Force Lance              Conj/Tloc      #.......     100%        4    #####..
 Fulminant Prism          Conj/Hex       #.........   100%        4    #####..
 Iskenderun's Mystic Bla  Conj           #.......     100%        4    #####..
 Blade Hands              Tmut           #.........   100%        5    ######.
 Borgnjor's Vile Clutch   Necr/Erth      #.........   100%        5    ######.
 Fireball                 Conj/Fire      #.........   100%        5    ######.
 Irradiate                Conj/Tmut      #.........   100%        5    ######.
 Lee's Rapid Deconstruct  Erth           #.........   100%        5    ######.
 Freezing Cloud           Conj/Ice/Air   #.........   100%        6    #######
 Hydra Form               Tmut           #.........   100%        6    #######
 Statue Form              Tmut/Erth      #........    100%        6    #######
 Dragon Form              Tmut           #.........   100%        7    #######
 Ring of Flames           Chrm/Fire      #.........   100%        7    #######


Dungeon Overview and Level Annotations

Branches:
Dungeon (10/15)            Temple (0/1) D:7            Lair (1/6) D:8
    Orc: D:9-12

Altars:
Dithmenos
Elyvilon
Fedhas
Gozag
Okawaru
Qazlal
Ru
Uskayaw
The Shining One
Jiyva

Shops:
D:10 }

Annotations:
D:6 5 runed doors
D:8 Gastronok Gauntlet 9 transporters


Innate Abilities, Weirdness & Mutations

You have razor-sharp teeth.
Your natural rate of healing is unusually fast.
When hurt, damage is shared between your health and your magic reserves.
Your bite disrupts and absorbs the magic of your enemies.
Potions cannot restore your health.
You are immune to rotting.


Message History

You drain its magic.
You feel invigorated.
The white imp is heavily wounded.
The white imp gestures at you. The puff of frost hits you!
The ice devil hits you but does no damage.
You hit the white imp. You bite the white imp.
The white imp's magic leaks into the air.
You drain its magic.
You feel invigorated.
The white imp is almost dead.
The white imp shouts, "Quit, thou canting hell-hated bladder!"
The white imp hits you but does no damage.
You can now pass through a line of other dancers.
Your plate armour of Vanity prevents you from hitting the white imp.
Your bite misses the white imp.
The white imp is almost dead.
The white imp gestures at you. The puff of frost hits you!
The ice devil hits you!
* * * LOW HITPOINT WARNING * * *
The ice devil freezes you!!
You die...

..................#.©.#.....#
.###########...###########..#
.#....©....#...#.........#..#
.#.##...##.#...#..##^##..#..#
.#.#.###.#.#####.#..#..#!#..#
.#..##.##..#...#.#^©#..#.#..#
.#....©....#©.©#..#####.©#..#
.#..##.##..#...#4#^.#..#[#..#
.#.#.###.#.#####@#..#..#.#..#
.#.##...##.#...#55##^##..#..#
.#.........#...#......^..#..#
.###########...###########..#
......©.....................#
...........................8#
#############################


You could see an ice devil and 2 white imps.

Vanquished Creatures
  Pikel (D:4)
  A gargoyle (D:5)
  An efreet (D:9)
  Prince Ribbit (D:6)
  A wind drake (shapeshifter) (Gauntlet)
  2 hippogriffs
  A vampire (D:9)
  Sigmund (D:3)
  Eustachio (D:6)
  2 hungry ghosts (D:10)
  Menkaure (D:7)
  Duvessa (D:7)
  2 ice beasts
  A necrophage (D:8)
  2 orc warriors (D:10)
  2 black bears
  A phantom (D:9)
  3 sky beasts
  A slave (D:4)
  5 ogres
  3 centaurs
  8 gnoll sergeants (Bailey)
  10 bullfrogs
  Dowan (D:7)
  A wyvern skeleton (D:10)
  5 killer bees (D:10)
  4 wights (D:9)
  8 crimson imps
  A bullfrog zombie (D:10)
  2 centaur zombies
  A quasit (D:4)
  4 hounds
  4 jellies
  Crazy Yiuf (D:2)
  8 gnoll shamans
  An orc priest (D:6)
  A centaur skeleton (D:7)
  8 orc wizards
  A bullfrog skeleton (D:10)
  3 iguanas
  Terence (D:2)
  6 worker ants
  A killer bee zombie (D:5)
  A howler monkey zombie (D:7)
  3 worker ant zombies
  23 gnolls
  18 adders
  2 shadow imps
  8 oozes
  A worm (D:2)
  3 dart slugs
  5 leopard geckos
  24 orcs
  4 giant cockroaches
  5 goblins
  5 hobgoblins
  8 jackals
  8 kobolds
  7 quokkas
  A ball python (D:7)
  5 bats
  5 frilled lizards
  A giant cockroach zombie (D:4)
  A jackal zombie (D:6)
  A leopard gecko skeleton (D:5)
  A quokka zombie (D:7)
  3 rats
  A fungus (D:2)
258 creatures vanquished.

Notes
Turn   | Place    | Note
-------+----------+-------------------------------------------
     0 | D:1      | zishaf the Vine Stalker Assassin began the quest for the
                  | Orb.
     0 | D:1      | Reached XP level 1. HP: 11/11 MP: 2/2
    52 | D:1      | Reached skill level 1 in Dodging
   103 | D:1      | Reached skill level 5 in Stealth
   103 | D:1      | Reached XP level 2. HP: 15/15 MP: 3/3
   750 | D:2      | Reached XP level 3. HP: 18/18 MP: 4/4
  1058 | D:2      | Found an opulent altar of Gozag.
  1244 | D:2      | Gained mutation: Your natural rate of healing is unusually
                  | fast. [Vine Stalker growth]
  1244 | D:2      | Reached XP level 4. HP: 23/23 MP: 5/5
  1541 | D:2      | Found a stormy altar of Qazlal.
  1542 | D:2      | Noticed Terence
  1554 | D:2      | Killed Terence
  1554 | D:2      | Reached skill level 1 in Shields
  1558 | D:2      | Reached XP level 5. HP: 23/28 MP: 4/6
  1589 | D:2      | Found an iron altar of Okawaru.
  1766 | D:2      | Found a runed door.
  1770 | D:2      | Noticed Crazy Yiuf
  1777 | D:2      | Killed Crazy Yiuf
  1984 | D:3      | Noticed Sigmund
  2082 | D:3      | Killed Sigmund
  2082 | D:3      | Reached XP level 6. HP: 32/33 MP: 7/7
  2588 | D:4      | Found a blossoming altar of Fedhas.
  2673 | D:4      | Found a sacrificial altar of Ru.
  2814 | D:4      | Reached XP level 7. HP: 37/37 MP: 8/8
  3226 | D:4      | Found a white marble altar of Elyvilon.
  3239 | D:4      | Noticed Pikel
  3258 | D:4      | Killed Pikel
  3258 | D:4      | Reached skill level 5 in Fighting
  3258 | D:4      | Reached skill level 5 in Short Blades
  3258 | D:4      | Gained mutation: You have razor-sharp teeth. [Vine Stalker
                  | growth]
  3258 | D:4      | Reached XP level 8. HP: 30/43 MP: 5/9
  3361 | D:5      | Entered Level 5 of the Dungeon
  3394 | D:5      | Found a hide-covered altar of Uskayaw.
  3447 | D:5      | Became a worshipper of Uskayaw the Reveler
  3543 | D:5      | Identified the Reference Book on the Torrid Rocks
  3608 | D:5      | Reached * piety under Uskayaw
  3705 | D:5      | Identified the Compendium of Shifting Fire
  3711 | D:5      | Got a faintly humming plate armour
  3722 | D:5      | Identified the cursed +0 plate armour of Vanity {Str+2}
                  | (You found it on level 5 of the Dungeon)
  3752 | D:5      | Reached ** piety under Uskayaw
  3783 | D:5      | Reached *** piety under Uskayaw
  3799 | D:5      | Noticed a gargoyle
  3818 | D:5      | Killed a gargoyle
  3818 | D:5      | Reached skill level 1 in Armour
  3818 | D:5      | Reached **** piety under Uskayaw
  3905 | D:5      | Reached XP level 9. HP: 47/48 MP: 11/11
  4284 | D:6      | Noticed Prince Ribbit
  4286 | D:6      | Reached ***** piety under Uskayaw
  4296 | D:6      | Noticed Eustachio
  4296 | D:6      | Reached ****** piety under Uskayaw
  4297 | D:6      | Killed Prince Ribbit
  4396 | D:6      | Killed Eustachio
  4611 | D:6      | Found a runed gate.
  4613 | D:6      | Found a runed gate.
  4615 | D:6      | Found a runed gate.
  4623 | D:6      | Found a runed door.
  4683 | D:6      | Found a runed door.
  4733 | D:6      | Found a glowing golden altar of the Shining One.
  4775 | D:6      | Found the +9 staff of Olgreb {rPois}
  5335 | D:7      | Found a staircase to the Ecumenical Temple.
  5493 | D:7      | Noticed Menkaure
  5501 | D:7      | Killed Menkaure
  5697 | D:7      | Reached XP level 10. HP: 55/55 MP: 14/14
  5700 | D:7      | Got a faintly glowing falchion
  5755 | D:7      | Noticed Duvessa
  5769 | D:7      | Killed Duvessa
  5769 | D:7      | Noticed Dowan
  5775 | D:7      | Killed Dowan
  5816 | D:7      | Found a shadowy altar of Dithmenos.
  6289 | D:8      | Reached skill level 5 in Invocations
  6315 | D:8      | Noticed Gastronok
  6641 | D:8      | Found a viscous altar of Jiyva.
  6690 | D:8      | Found a staircase to the Lair.
  7078 | D:9      | Found a shadowy altar of Dithmenos.
  7348 | D:9      | Found a flagged portal.
  7358 | Bailey   | Entered a bailey
  7586 | Bailey   | Reached skill level 5 in Armour
  8506 | D:9      | Reached XP level 11. HP: 60/60 MP: 16/16
  8569 | D:10     | Entered Level 10 of the Dungeon
  8708 | D:10     | Found Rayzy's Gadget Emporium.
  9217 | D:10     | Got a scorched quarterstaff
  9521 | Lair:1   | Entered Level 1 of the Lair of Beasts
  9638 | Lair:1   | Found a gate leading to a gauntlet.
  9645 | Gauntlet | Entered a Gauntlet
  9645 | Gauntlet | Found a transporter.
  9645 | Gauntlet | Found a transporter.
  9659 | Gauntlet | Noticed a catoblepas
  9660 | Gauntlet | Found a transporter.
  9664 | Gauntlet | Found a transporter.
  9674 | Gauntlet | Noticed a thrashing horror
  9675 | Gauntlet | Found a transporter.
  9686 | Gauntlet | Noticed a thrashing horror
  9696 | Gauntlet | Found a transporter.
  9704 | Gauntlet | Found a transporter.
  9709 | Gauntlet | Noticed a tengu warrior
  9711 | Gauntlet | Found a transporter.
  9727 | Gauntlet | Found a transporter.
  9735 | Gauntlet | Found a transporter.
  9752 | Gauntlet | Found a transporter.
  9762 | Gauntlet | Found a transporter.
  9901 | Gauntlet | Slain by an ice devil

Vault maps used:
D:1:      beargit_arrival_greenhouse, st_stairs_11
D:2:      okawaru_ov_weapons_minmay, grunt_qazlal_clouds, first_ration,
          st_stairs_1, grunt_gozag_statues, uniq_terence,
          uniq_crazy_yiuf_cottage
D:3:      uniq_sigmund
D:4:      fedhas_ov_isle_minmay, kennysheep_little_box,
          nicolae_ru_great_annihilating_truth, nicolae_underground_beach,
          uniq_pikel
D:5:      cheibrodos_barr_body, eat_drink_and_be_merry_uskayaw
D:6:      kennysheep_mini, minmay_guarded_unrand_staff_of_olgreb,
          uniq_prince_ribbit1, uniq_eustachio
D:7:      overflow_temple_1_default, minmay_temple_entry_slanted, uniq_duvessa,
          uniq_menkaure
D:8:      lair_entry_dummy, hangedman_little_slice_of_home, uniq_gastronok
D:9:      enter_bailey_2, nicolae_dithmenos_shadow_blocks
D:10:     serial_shops, nicolae_shop_crystal
Lair:1:   gauntlet_entry_generic
Bailey:   bailey_polearm_gnolls_kennysheep, bailey
Gauntlet: gammafunk_gauntlet_shortcut

Skill      XL: |  1  2  3  4  5  6  7  8  9 10 11 |
---------------+----------------------------------+-----
Dodging        | 1 2 |  2.0
Stealth        | 5 |  5.0
Fighting       | 2 3 4 5 7 8 |  8.5
Short Blades   | 2 3 5 7 8 |  8.4
Shields        | 1 2 4 |  4.2
Armour         | 2 3 5 |  5.8
Invocations    | 2 4 6 7 |  7.0
Throwing       | |  1.7

Action                   |  1- 3 |  4- 6 |  7- 9 | 10-12 || total
-------------------------+-------+-------+-------+-------++-------
Melee: Dagger            |   112 |   175 |   397 |   645 ||  1329
       Bite              |    13 |    46 |   139 |   262 ||   460
 Fire: Hunting sling     |       |       |       |     1 ||     1
Throw: Stone             |     2 |       |       |       ||     2
       Javelin           |       |    26 |       |     5 ||    31
Invok: Line Pass         |       |       |       |     1 ||     1
       Stomp             |       |       |       |     7 ||     7
Evoke: Wand              |       |       |       |     9 ||     9
  Use: Scroll            |     1 |     7 |     4 |    10 ||    22
       Potion            |       |       |     2 |     4 ||     6
 Stab: Sleeping          |     7 |     4 |     5 |       ||    16
       Paralysed         |       |     1 |    12 |    24 ||    37
       Invisible         |       |       |     3 |       ||     3
  Eat: Chunk             |     1 |     5 |    10 |    18 ||    34
       Ration            |       |       |       |     1 ||     1
Armor: Robe              |     8 |       |       |       ||     8
       Ring mail         |    28 |    80 |    13 |       ||   121
       Plate armour      |       |       |   126 |   299 ||   425
Dodge: Dodged            |    52 |    89 |    70 |   144 ||   355
Block: Buckler           |     2 |    38 |    80 |   149 ||   269

Table legend:
 A = Non-vault XP
 B = Vault XP
 C = Vault XP percentage of total XP
 D = Non-vault monster count
 E = Vault monster count
 F = Vault count percentage of total count
                 A         B        C        D         E       F
            +---------+---------+-------+---------+---------+-------
      Total |    7232 |    4280 |  37.2 |     190 |      66 |  25.8
            +---------+---------+-------+---------+---------+-------
        D:1 |      30 |       4 |  11.8 |      16 |       3 |  15.8
        D:2 |     111 |      81 |  42.2 |      21 |       4 |  16.0
        D:3 |      84 |     208 |  71.2 |      13 |       1 |   7.1
        D:4 |     173 |     709 |  80.4 |       9 |       5 |  35.7
        D:5 |     223 |     765 |  77.4 |      10 |       9 |  47.4
        D:6 |     966 |     482 |  33.3 |      23 |       2 |   8.0
        D:7 |     805 |     402 |  33.3 |      27 |       3 |  10.0
        D:8 |     701 |     166 |  19.1 |      16 |       8 |  33.3
        D:9 |    2180 |       0 |   0.0 |      22 |       0 |   0.0
       D:10 |    1716 |       0 |   0.0 |      32 |       0 |   0.0
     Lair:1 |     243 |       0 |   0.0 |       1 |       0 |   0.0
     Bailey |       0 |    1177 | 100.0 |       0 |      30 | 100.0
   Gauntlet |       0 |     286 | 100.0 |       0 |       1 | 100.0
            +---------+---------+-------+---------+---------+-------
